 Dungeon Crawl Stone Soup version 0.16-a0-3533-gc382f62 (webtiles) character file.

138 Kemay the Changer (level 5, 0/37 HPs)
             Began as a Merfolk Transmuter on Jan 8, 2015.
             Slain by a centaur skeleton (2 damage)
             ... on level 4 of the Dungeon.
             The game lasted 00:09:29 (3202 turns).

Kemay the Changer (Merfolk Transmuter)              Turns: 3202, Time: 00:09:30

Health: 0/37       AC:  2    Str: 10    XL:     5   Next: 21%
Magic:  1/9        EV: 21    Int: 13    God:
Gold:   89         SH:  0    Dex: 20    Spells: 2 memorised, 4 levels left

rFire  . . .     SeeInvis .       - Unarmed
rCold  . . .     Clarity  .     c - melded +0 robe
rNeg   . . .     SustAb   .     (shield currently unavailable)
rPois  x         Gourm    .     m - melded +1 helmet
rElec  .         Spirit   .     (cloak currently unavailable)
rCorr  .         Warding  .     (gloves currently unavailable)
rMut   .         Stasis   .     (boots currently unavailable)
MR     .....                    (no amulet)
Stlth  ++........               (no ring)
                                (no ring)

@: spider-form, very slightly contaminated, not resistant to hostile
enchantments, unstealthy
A: (change form in water), (swift swim)
a: End Transformation


You were on level 4 of the Dungeon.
You were hungry.
You were a venomous arachnid creature.
You visited 1 branch of the dungeon, and saw 4 of its levels.

You collected 89 gold pieces.

Inventory:

Armour
 c - a +0 robe (melded)
 g - a +0 ring mail of magic resistance
 m - a +1 helmet (melded)
Jewellery
 l - an uncursed ring of fire
Potions
 e - 5 potions of curing
 f - a potion of cure mutation
 i - a potion of magic
 j - a potion of lignification
 k - a potion of heal wounds
Books
 d - a book of Changes

   Spells                             Type                      Level
   a - Beastly Appendage              Transmutation                1
   b - Sticks to Snakes               Transmutation                2
   c - Spider Form                    Transmutation/Poison         3
   d - Ice Form                       Ice/Transmutation            4
   e - Blade Hands                    Transmutation                5
Comestibles
 a - 3 bread rations
 b - 2 chunks of flesh
 h - 4 meat rations


   Skills:
 - Level 1.1 Fighting
 - Level 2.6 Dodging
 - Level 3.2 Unarmed Combat
 - Level 2.0 Spellcasting
 + Level 6.9 Transmutations


You had 4 spell levels left.
You knew the following spells:

 Your Spells              Type           Power        Failure   Level  Hunger
a - Beastly Appendage     Trmt           ###...       6%          1    ##.....
b - Spider Form           Trmt/Pois      ##........   41%         3    ####...


Dungeon Overview and Level Annotations

Branches:
Dungeon (4/15)
 Temple: D:4-7

Altars:
Ashenzari
Fedhas
Xom


Message History

The centaur skeleton hits you.
You hit the centaur skeleton. The centaur skeleton hits you.
* * * LOW HITPOINT WARNING * * *
Casting: Spider Form
Confirm with . or Enter, or press ? or * to list all spells.
You miscast Spider Form.
You are very lightly contaminated with residual magic.
You feel a strange surge of energy! The centaur skeleton hits you.
* * * LOW HITPOINT WARNING * * *
Casting: Spider Form
Confirm with . or Enter, or press ? or * to list all spells.
You turn into a venomous arachnid creature.
Your +1 helmet melds into your body.
Your +0 robe melds into your body.
The centaur skeleton barely misses you. The centaur skeleton hits you.
* * * LOW HITPOINT WARNING * * *
You hit the centaur skeleton.
You are feeling hungry.
The centaur skeleton misses you.
You hit the centaur skeleton. The centaur skeleton hits you.
You die...

##....##
#..#...###
##.####...#
#####.# #..#
###.##........
##.## #..รท.#
#<.# ##..##
...## #....##
.###
......##.?####
. #####
##.sZ.#
####.....#
###.#


You could see a centaur skeleton.

Vanquished Creatures
  Natasha (D:4)
  3 adders
  4 worms
  3 giant geckos (D:1)
  2 orcs (D:2)
  4 giant cockroaches
  10 hobgoblins
  6 jackals
  2 kobolds
  An ooze (D:1)
  2 ball pythons (D:1)
  4 bats
  4 giant newts
  11 goblins
  4 rats
61 creatures vanquished.

Notes
Turn   | Place    | Note
--------------------------------------------------------------
     0 | D:1      | Kemay, the Merfolk Transmuter, began the quest for the Orb.
     0 | D:1      | Reached XP level 1. HP: 15/15 MP: 3/3
   281 | D:1      | Reached XP level 2. HP: 19/21 MP: 2/4
   494 | D:1      | Reached skill level 4 in Transmutations
   808 | D:1      | Reached XP level 3. HP: 26/26 MP: 4/6
   813 | D:1      | Learned a level 3 spell: Spider Form
  1538 | D:2      | Reached skill level 5 in Transmutations
  1546 | D:2      | Found a blossoming altar of Fedhas.
  1940 | D:2      | Reached XP level 4. HP: 29/32 MP: 7/7
  2263 | D:2      | Reached skill level 6 in Transmutations
  2280 | D:2      | Found a shimmering altar of Xom.
  2510 | D:3      | Found a shattered altar of Ashenzari.
  3182 | D:4      | Noticed Natasha
  3187 | D:4      | Killed Natasha
  3187 | D:4      | Reached XP level 5. HP: 19/37 MP: 5/9
  3200 | D:4      | HP: 1/37 [centaur skeleton (5)]
  3202 | D:4      | Slain by a centaur skeleton

Action                   |  1- 3 |  4- 6 || total
-------------------------+-------+-------++-------
Melee: Unarmed           |   134 |    91 ||   225
 Cast: Beastly Appendage |    16 |     6 ||    22
       Spider Form       |     2 |     8 ||    10
 Abil: End Transformatio |     3 |     1 ||     4
  Use: Scroll            |     4 |     7 ||    11
       Potion            |       |     1 ||     1
  Eat: Chunk             |     3 |     6 ||     9
       Fruit             |     2 |       ||     2
